 Dungeon Crawl Stone Soup version 0.29-a0-334-gb41bcbb86e (webtiles) character file.

Game seed: 12324317373205288297

12 spaghetti the Insei (level 2, -5/28 HPs)
             Began as a Naga Monk on Apr 14, 2022.
             Was a Believer of Fedhas.
             Slain by a gnoll
             ... wielding a +0 flail
              (13 damage)
             ... on level 1 of the Dungeon.
             The game lasted 00:00:58 (291 turns).

spaghetti the Insei (Naga Monk)                      Turns: 291, Time: 00:00:58

Health: -5/28      AC:  1    Str: 13    XL:     2   Next: 33%
Magic:  2/2        EV: 10    Int: 10    God:    Fedhas [**....]
Gold:   0          SH:  0    Dex: 13    Spells: 1/1 levels left

rFire   . . .      SeeInvis +     - Unarmed
rCold   . . .      Faith    .   (no shield)
rNeg    . . .      Spirit   .   a - +0 robe
rPois   +          Reflect  .   (no helmet)
rElec   .          Harm     .   (no cloak)
rCorr   .          Rampage  .   (no gloves)
Will    .....                   (no barding)
Stlth   ++........              (no amulet)
HPRegen 0.09/turn               (no ring)
MPRegen 0.08/turn               (no ring)

@: very slow
A: AC +0, large, see invisible, deformed body, poison resistance, slowness 2,
spit poison 1, naga tail 1
a: Spit Poison, Renounce Religion, Wall of Briars


You were on level 1 of the Dungeon.
You worshipped Fedhas.
Fedhas was pleased with you.
You visited 1 branch of the dungeon, and saw 1 of its levels.


Innate Abilities, Weirdness & Mutations

Your serpentine skin is tough. (AC +0)
You have supernaturally acute eyesight. (SInv)
Armour fits poorly on your strangely shaped body.
Your system is resistant to poisons. (rPois)
You cover ground very slowly.
You can spit poison.
You have a snake-like lower body.


   Skills:
 - Level 3.0 Fighting
 + Level 1.1 Armour
 - Level 2.4 Dodging
 - Level 3.0 Stealth
 - Level 3.2 Unarmed Combat
 + Level 0.0 Invocations


You had one spell level left.
You didn't know any spells.
Your spell library was empty.

Inventory:

Armour
 a - a +0 robe (worn)
Magical Staves
 d - a staff of conjuration {!a@e2staff}
   (You found it on level 1 of the Dungeon)
Scrolls
 c - 2 scrolls of vulnerability {unknown}
 e - a scroll of identify {unknown}

Dungeon Overview and Level Annotations

Branches:
Dungeon (1/15)

Altars:
Fedhas

###### ###.P..##
###########..P..P.#####
....†............P.....
#.####.......♣._...######
#.####.#####.P♣♣@.#......
.............††..g.......
#.####.#####.##...#.....#
#......# #.#....#.###.#
######## #.#....# #
#.##..... #.##......
#.........#
################....##


You could see a gnoll.


Message History

The withered plant crumbles away.
You hit the withered plant but do no damage.
You hit the withered plant.
The withered plant begins to crumble.
You punch the withered plant. You hit the withered plant.
The ball python bites you. 😕 HP[-3]
You take 3 damage, and now have 25/28 hp.
You hit the withered plant.
The ball python bites you but does no damage.
Aiming: Spit Poison (2% risk of failure)
Press: ? - help, Shift-Dir - straight line, f - ball python
Aim: a ball python (54% to hit)
The splash of poison hits the ball python!
You kill the ball python!
The withered plant crumbles away.
The hobgoblin barely misses you.
Your Armour skill increases to level 1!
You hit the endoplasm. The endoplasm hits you.
The hobgoblin closely misses you. 😕 HP[-2]
You take 2 damage, and now have 23/28 hp.
You hit the endoplasm. The endoplasm freezes you.
You are frozen.
The hobgoblin barely misses you. 😮 HP[-5]
You take 5 damage, and now have 18/28 hp.
You hit the endoplasm but do no damage. The endoplasm freezes you.
You are frozen.
The hobgoblin hits you. 😮 HP[-3]
You take 3 damage, and now have 15/28 hp.
You hit the endoplasm.
You kill the endoplasm!
The hobgoblin barely misses you. The hobgoblin attacks as you move away!
The hobgoblin hits you.
* * * LOW HITPOINT WARNING * * *
You have got your breath back.
The hobgoblin hits you.
* * * LOW HITPOINT WARNING * * *
You see here a ball python corpse. 😨 HP[-3]
You take 3 damage, and now have 12/28 hp.
You hit the hobgoblin. The hobgoblin hits you.
* * * LOW HITPOINT WARNING * * *
😨 HP[-1]
You take 1 damage, and now have 11/28 hp.
You hit the hobgoblin.
You kill the hobgoblin!
You see here a hobgoblin corpse.
There is a faded altar of an unknown god here.
You cannot tell which god this altar belongs to.
Convert to them anyway?
Fedhas accepts your prayer! Fedhas welcomes you!
You can now encircle yourself with summoned briar patches.
The plants of the dungeon cease their hostilities.
A gnoll comes into view. It is wielding a +0 flail.
Unknown command.
Press < or > to pray at altars.
A gnoll is nearby!
A gnoll is nearby!
You are too injured to fight recklessly!
The gnoll shouts! 😨 HP[+1]
A gnoll is nearby!
Aiming: Spit Poison (2% risk of failure)
Press: ? - help, Shift-Dir - straight line, f - gnoll
Aim: a gnoll, wielding a +0 flail and wearing a +0 ring mail (70% to hit)
The splash of poison hits the gnoll.
The gnoll is poisoned.
You hit the gnoll but do no damage. The gnoll closely misses you.
You barely miss the gnoll. The gnoll hits you with a +0 flail!
* * * LOW HITPOINT WARNING * * *
😱 HP[-9]
You take 9 damage, and now have 3/28 hp.
MASSIVE DAMAGE!! (PAUSE)
You can't do that yet.
Unknown command.
Okay, then.
You are confused.
You feel invigorated. The gnoll barely misses you. 😨 HP[+5]
You regained 5 hp, and now have 8/28 hp.
Unknown command.
Unknown command.
Unknown command. 😮 HP[+7]
You regained 7 hp, and now have 15/28 hp.
Unknown command.
The gnoll looks more healthy.
The gnoll hits you with a +0 flail.
* * * LOW HITPOINT WARNING * * *
The gnoll hits you with a +0 flail!
* * * LOW HITPOINT WARNING * * *
😱 HP[-12]
You take 12 damage, and now have 3/28 hp.
MASSIVE DAMAGE!! (PAUSE)
Okay, then.
You hit the gnoll but do no damage.
You feel less invigorated.
You feel less confused.
You have got your breath back.
The gnoll hits you with a +0 flail!
You die...
Fedhas appreciates your contribution to the ecosystem.

Skill      XL: |  1  2 |
---------------+-------+-----
Armour         | 1 |  1.1
Fighting       | |  3.0
Dodging        | |  2.4
Stealth        | |  3.0
Unarmed Combat | |  3.2

Action                   || total
-------------------------++-------
Melee: Unarmed           ||    30
       Punch             ||     3
 Abil: Spit Poison       ||     6
  Use: Potion            ||     1
Armor: Robe              ||     2
Dodge: Dodged            ||    15

Levels and vault maps discovered:
D:1:      minmay_arrival_arboretum_small, layout_basic,
          ebering_ecumenical_altar_petrified

Notes
Turn   | Place    | Note
-------+----------+-------------------------------------------
     0 | D:1      | spaghetti the Naga Monk began the quest for the Orb.
     0 | D:1      | Reached XP level 1. HP: 21/21 MP: 1/1
     0 | D:1      | magus.rc [v1.9.6]
   226 | D:1      | Reached XP level 2. HP: 28/28 MP: 2/2
   256 | D:1      | Found a faded altar of an unknown god.
   271 | D:1      | Reached skill level 1 in Armour
   282 | D:1      | Prayed at the altar of an unknown god.
   282 | D:1      | Became a worshipper of Fedhas Madash
   282 | D:1      | Reached * piety under Fedhas
   282 | D:1      | Reached ** piety under Fedhas
   287 | D:1      | HP: 3/28 [gnoll/+0 flail (9)]
   291 | D:1      | Slain by a gnoll

Vanquished Creatures
  A dart slug (D:1)
  A bat (D:1)
  An endoplasm (D:1)
  A giant cockroach (D:1)
  A hobgoblin (D:1)
  A ball python (D:1)
  2 goblins (D:1)
  2 rats (D:1)
10 creatures vanquished.

Vanquished Creatures (others)
  5 withered plants (D:1)
5 creatures vanquished.

Grand Total: 15 creatures vanquished

Table legend:
 A = Non-vault XP
 B = Vault XP
 C = Vault XP percentage of total XP
 D = Non-vault monster count
 E = Vault monster count
 F = Vault count percentage of total count
                 A         B        C        D         E       F
            +---------+---------+-------+---------+---------+-------
      Total |      18 |       0 |   0.0 |      10 |       0 |   0.0
            +---------+---------+-------+---------+---------+-------
        D:1 |      18 |       0 |   0.0 |      10 |       0 |   0.0
            +---------+---------+-------+---------+---------+-------

Illustrated notes

Table legend:
 A = Kills in this place as a percentage of kills in entire the game.
 B = Kills by you in this place as a percentage of kills by you in the entire game.
 C = Kills by friends in this place as a percentage of kills by friends in the entire game.
 D = Other kills in this place as a percentage of other kills in the entire game.
 E = Experience gained in this place as a percentage of experience gained in the entire game.
 F = Experience gained in this place divided by the number of levels of this place that you have seen.
                   A       B       C       D       E      F
               +-------+-------+-------+-------+-------+----------------------
         Total | 100.0 | 100.0 |   N/A |   N/A | 100.0 |  18.0
       Dungeon | 100.0 | 100.0 |   N/A |   N/A | 100.0 |  18.0
               +-------+-------+-------+-------+-------+----------------------

Table legend: (Time is in decaauts)
 A = Elapsed time spent in this place.
 B = Non-inter-level travel time spent in this place.
 C = Inter-level travel time spent in this place.
 D = Time resting spent in this place.
 E = Time spent auto-exploring this place.
 F = Levels seen in this place.
 G = Mean time per level.
                   A        B        C        D        E       F      G
               +--------+--------+--------+--------+--------+-----+--------+
         Total |    327 |    327 |      0 |    130 |     98 |   1 |  327.0 |
       Dungeon |    327 |    327 |      0 |    130 |     98 |   1 |  327.0 |
               +--------+--------+--------+--------+--------+-----+--------+

Top non-repeatable levels by time:
     D:1: 327 daAuts
